[Event "16th EWICC 2015"]
[Site "Kutaisi"]
[Date "2015.06.01"]
[Round "2"]
[White "Javakhishvili, Lela"]
[Black "Melia, Salome"]
[Result "1/2-1/2"]
[ECO "A45"]
[WhiteElo "2472"]
[BlackElo "2452"]
[Annotator "Robot 11"]
[PlyCount "32"]
[EventDate "2015.??.??"]
[EventCountry "GEO"]
[TimeControl "900+10"]

1. d4 Nf6 2. Bg5 c5 3. d5 Ne4 4. Bc1 e6 5. c4 exd5 6. cxd5 Bd6 7. Nc3 Qh4 8. g3 Nxc3 9. bxc3 Qc4 10. Bb2 b5 11. e3 Qe4 12. Qf3 Qc2 13.
Qe2 Qe4 14. Qf3 Qc2 15. Qe2 Qe4 16. Qf3 Qc2 1/2-1/2

[Event "16th EWICC 2015"]
[Site "Kutaisi"]
[Date "2015.06.01"]
[Round "2"]
[White "Khmiadashvili, Tamar"]
[Black "Tereladze, Sopiko"]
[Result "0-1"]
[ECO "D02"]
[WhiteElo "2043"]
[BlackElo "2128"]
[Annotator "Robot 11"]
[PlyCount "98"]
[EventDate "2015.??.??"]
[EventCountry "GEO"]
[TimeControl "900+10"]

1. d4 d5 2. Nf3 Nf6 3. b3 Nbd7 4. Bb2 e6 5. Nbd2 c5 6. e3 Bd6 7. Ne5 Qc7 8.
f4 cxd4 9. exd4 Bb4 10. c3 Bxc3 11. Rc1 Bxd2+ 12. Qxd2 Qd6 13. Qa5 Qb6 14. Qxb6 Nxb6 15. Ba3 Nfd7 16. Kd2 Nxe5 17. fxe5 Bd7 18. Bd3 Bc6 19. Rhf1 Rc8 20. Bb4 Nd7 21. Rce1 Nb8 22. Rc1 Nd7 23. a4 f5 24.
Bd6 Kf7 25. g4 g6 26. Rf2 h5 27. gxf5 gxf5 28. Rcf1 Rcg8 29. a5 a6 30. Kc3 h4 31. Kb4 Rg4 32. Rf4 Rhg8 33. Be2 Rxf4 34. Bh5+ Kg7 35. Rxf4 Kh6 36. Bf7 Rg4 37. Rf2 Rxd4+ 38. Kc3 Re4 39. Bxe6 d4+ 40. Kd2 Nxe5 41. Bxf5 Re3 42. Bxe5 Rxe5 43. Bd3 Rxa5 44. Rf6+ Kg5 45. Rg6+ Kf4 46. Rf6+ Kg4 47. Rg6+ Kh3 48. Bc2 Ra2 49. Kc1 Rxc2+ 0-1

[Event "16th EWICC 2015"]
[Site "Kutaisi"]
[Date "2015.06.01"]
[Round "2"]
[White "Mikadze, Miranda"]
[Black "Arakhamia-Grant, Ketevan"]
[Result "0-1"]
[ECO "B00"]
[WhiteElo "2233"]
[BlackElo "2393"]
[Annotator "Robot 11"]
[PlyCount "86"]
[EventDate "2015.??.??"]
[EventCountry "GEO"]
[TimeControl "900+10"]

1. e4 d6 2. d4 Nf6 3. Nd2 e5 4. c3 Nbd7 5. Ngf3 Be7 6. Qc2 c6 7. Be2 O-O 8. O-O Re8 9. dxe5 dxe5 10. Re1 Qc7 11. Nc4 Bf8 12. a4 Nc5 13. Bf1 Bg4 14. Nh4 g6 15. h3 Be6 16. b4 Ncd7 17. Nf3 h6 18. Bb2 b5 19. Ne3 a6 20.
Ba3 Rab8 21. Rab1 a5 22. Nd2 Rec8 23. Ra1 axb4 24. cxb4 bxa4 25.
Qxa4 Ra8 26. Qc2 Ra7 27. Bc4 Bxc4 28. Qxc4 Qb7 29. Nb3 Ra4 30. Nc2 c5 31. Na5 cxb4 32. Qb3 Rxa5 33. Bb2 Rxa1 34. Bxa1 Nxe4 35. Ne3 Nec5 36. Qd1 b3 37. Nc4 Rd8 38. Bxe5 Qb4 39. Qe2 Re8 40. f4 Nxe5 41. fxe5 Qc3 42. Kh1 Nd3 43. Rf1 Qxc4 0-1

[Event "16th EWICC 2015"]
[Site "Kutaisi"]
[Date "2015.06.01"]
[Round "2"]
[White "Stefanova, Antoaneta"]
[Black "Khurtsidze, Nino"]
[Result "1-0"]
[ECO "A06"]
[WhiteElo "2512"]
[BlackElo "2451"]
[Annotator "Robot 11"]
[PlyCount "75"]
[EventDate "2015.??.??"]
[EventCountry "GEO"]
[TimeControl "900+10"]

1. Nf3 d5 2. g3 Nf6 3. Bg2 e6 4. O-O b5 5. d3 Bb7 6. Ne5 Nbd7 7. f4 c5 8.
e3 Bd6 9. d4 O-O 10. Nd2 Ne4 11. Nxd7 Nxd2 12. Nxf8 Nxf1 13. Nxe6 fxe6 14. Bxf1 Qb6 15. c3 b4 16. Bd3 Ba6 17. Bc2 cxd4 18. exd4 Rf8 19. Be3 bxc3 20. bxc3 Qc7 21. Bd2 e5 22. fxe5 Bxe5 23. Qg4 Qf7 24. Be3 Bc7 25. Re1 Ba5 26. Bf4 Bxc3 27.
Rd1 Qf6 28. Qh5 h6 29. Qxd5+ Qf7 30. Qc5 Bc4 31. d5 Be2 32. Qxc3 Bxd1 33. Bxd1 g5 34. d6 Qg7 35. Bb3+ Kh7 36. Qxg7+ Kxg7 37. Be5+ Kg6 38. d7 1-0

[Event "16th EWICC 2015"]
[Site "Kutaisi"]
[Date "2015.06.01"]
[Round "2"]
[White "Sviridova, Vlada"]
[Black "Gognadze, Tsira"]
[Result "1-0"]
[ECO "E18"]
[WhiteElo "2087"]
[BlackElo "1144"]
[Annotator "Robot 11"]
[PlyCount "45"]
[EventDate "2015.??.??"]
[EventCountry "GEO"]
[TimeControl "900+10"]

1. d4 Nf6 2. c4 e6 3. Nf3 b6 4. g3 Bb7 5. Bg2 Be7 6. Nc3 O-O 7. O-O d5 8.
cxd5 Nxd5 9. Re1 Nxc3 10. bxc3 c5 11. e4 Qd7 12. Ne5 Qc7 13.
Bf4 Nc6 14. Ng6 Qd7 15. Nxf8 Bxf8 16. dxc5 Qxd1 17. Raxd1 Bxc5 18.
Rd7 Ba6 19. e5 Bb5 20. Rc7 Nxe5 21. Bxa8 Nd3 22. Rc8+ Bf8 23. Bd6 1-0

[Event "16th EWICC 2015"]
[Site "Kutaisi"]
[Date "2015.06.01"]
[Round "2"]
[White "Zaksaite, Salomeja"]
[Black "Khomeriki, Nino"]
[Result "0-1"]
[ECO "C70"]
[WhiteElo "2203"]
[BlackElo "2228"]
[Annotator "Robot 11"]
[PlyCount "86"]
[EventDate "2015.??.??"]
[EventCountry "GEO"]
[TimeControl "900+10"]

1. e4 e5 2. Nf3 Nc6 3. Bb5 a6 4. Ba4 Nge7 5. c3 g6 6. d4 exd4 7. cxd4 b5 8.
Bb3 Bg7 9. d5 Na5 10. Bc2 d6 11. O-O O-O 12. Nd4 Bb7 13. Nc3 b4 14. Nce2 Rc8 15. a3 c5 16. axb4 Nc4 17. bxc5 dxc5 18. Nf3 f5 19. Bb3 fxe4 20. Bxc4 exf3 21. d6+ Kh8 22. dxe7 Qxe7 23. Ng3 fxg2 24. Re1 Rcd8 25. Qe2 Qh4 26. Be3 Rd4 27. f4 Rdxf4 28. Bxf4 Qxf4 29. Rad1 Bd4+ 30. Rxd4 Qxd4+ 31. Qe3 Qxc4 32. Qe7 Qd4+ 33.
Re3 Qf4 34. Qe5+ Qxe5 35. Rxe5 Rd8 36. Ne2 Rd1+ 37. Kf2 Rf1+ 38. Ke3 Rf3+ 39. Kd2 Rf2 40. Rg5 Bf3 41. Ke3 Rxe2+ 42. Kxf3 Rxb2 43. h4 Kg7 0-1

[Event "16th EWICC 2015"]
[Site "Kutaisi"]
[Date "2015.06.01"]
[Round "2"]
[White "Donghvani, Nia"]
[Black "Petrenko, Svetlana"]
[Result "0-1"]
[ECO "B90"]
[WhiteElo "1444"]
[BlackElo "2207"]
[Annotator "Robot 11"]
[PlyCount "59"]
[EventDate "2015.??.??"]
[EventCountry "GEO"]
[TimeControl "900+10"]

1. e4 c5 2. Nf3 d6 3. d4 cxd4 4. Nxd4 Nf6 5. Nc3 a6 6. Be3 Ng4 7. Qd2 Nxe3 8.
Qxe3 e6 9. O-O-O Qc7 10. f4 Be7 11. Kb1 O-O 12. g4 b5 13. f5 Nc6 14. h4 Nxd4 15. Qxd4 b4 16. Ne2 a5 17. h5 h6 18. fxe6 fxe6 19. Bg2 Ba6 20.
e5 dxe5 21. Qd7 Qxd7 22. Rxd7 Rae8 23. Ng3 Bc5 24. Ne4 Bd4 25. g5 Rf4 26. gxh6 gxh6 27. Rd6 Bc4 28. Rd7 Kh8 29. Re1 Rg8 30. Bh3 0-1

[Event "16th EWICC 2015"]
[Site "Kutaisi"]
[Date "2015.06.01"]
[Round "2"]
[White "Dordzhieva, Dinara"]
[Black "Batsiashvili, Nino"]
[Result "1-0"]
[ECO "A04"]
[WhiteElo "2242"]
[BlackElo "2473"]
[Annotator "Robot 11"]
[PlyCount "107"]
[EventDate "2015.??.??"]
[EventCountry "GEO"]
[TimeControl "900+10"]

1. Nf3 f5 2. d3 d6 3. Nc3 e5 4. e4 c5 5. Bg5 Be7 6. Bxe7 Nxe7 7. g3 O-O 8.
exf5 Bxf5 9. Nh4 Be6 10. Bg2 Nbc6 11. Qd2 Nd4 12. O-O Qd7 13. Ne4 Nef5 14. Nxf5 Bxf5 15. c3 Ne6 16. Qe3 h6 17. Rad1 Rad8 18. h3 Kh8 19. Kh2 Qf7 20. c4 Qh5 21. a3 Bxh3 22. Bxh3 Rf3 23. Qxf3 Qxf3 24. Bxe6 Rf8 25. Rd2 b5 26. b3 a6 27. Kg1 Qh5 28. Ra1 Qg6 29. Bd5 bxc4 30. dxc4 h5 31. Kg2 Rf4 32. Re2 Qg4 33. Re3 h4 34. Rh1 g5 35. f3 Qf5 36. gxf4 exf4 37. Re2 Qe5 38. Bb7 Kg7 39. Bc8 d5 40. cxd5 Qxd5 41. Bg4 Qxb3 42. Nxg5 c4 43. Rc1 Qb5 44. Ne6+ Kf6 45. Nxf4 c3 46. Re6+ Kf7 47. Rxc3 Qb2+ 48. Ne2 Qb8 49. Rd3 Qb5 50. Rd7+ Kf8 51. Re3 a5 52. Nf4 Qb8 53. Ng6+ Kg8 54. Be6# 1-0

[Event "16th EWICC 2015"]
[Site "Kutaisi"]
[Date "2015.06.01"]
[Round "2"]
[White "Gaponenko, Inna"]
[Black "Gaprindashvili, Nona"]
[Result "1-0"]
[ECO "B00"]
[WhiteElo "2391"]
[BlackElo "2302"]
[Annotator "Robot 11"]
[PlyCount "101"]
[EventDate "2015.??.??"]
[EventCountry "GEO"]
[TimeControl "900+10"]

1. e4 b6 2. d4 Bb7 3. Bd3 g6 4. Nf3 Bg7 5. O-O e6 6. c4 d6 7. Nc3 c5 8. d5 e5 9. Ne1 Ne7 10. f4 O-O 11. f5 f6 12. g4 Na6 13. Nf3 Nc7 14. h4 Bc8
15. h5 g5 16. Be3 h6 17. a3 Bd7 18. b4 a5 19. bxc5 bxc5 20. Rb1 Rb8 21. Rf2 Na8 22. Rfb2 Qc7 23. Qc2 Qa7 24. Bd2 Nc7 25. Kf1 Rfc8 26. Ne1 Bf8 27. Ng2 Kf7 28. Nd1 a4 29. Nc3 Rxb2 30. Qxb2 Ra8 31. Qb6 Nc8 32. Qxa7 Rxa7 33. Ne3 Be7 34. Bc2 Bd8 35. Ned1 Ra6 36. Rb7 Rb6 37. Rxb6 Nxb6 38. Nb2 Na6 39. Ncxa4 Nxa4 40. Bxa4 Bxa4 41. Nxa4 Ke7 42. Ke2 Kd7 43. Kd3 Kc8 44. Nc3 Bc7 45. Nb5 Bb8 46. Ba5 Kd7 47. Kc2 Kc8 48. Kb3 Kd7 49. Ka4 Kc8 50. Bb6 Kb7 51. Bd8 1-0

[Event "16th EWICC 2015"]
[Site "Kutaisi"]
[Date "2015.06.01"]
[Round "2"]
[White "Gevorgyan, Maria"]
[Black "Tedoshvili, Ana"]
[Result "1-0"]
[ECO "C13"]
[WhiteElo "2190"]
[BlackElo "1805"]
[Annotator "Robot 11"]
[PlyCount "89"]
[EventDate "2015.??.??"]
[EventCountry "GEO"]
[TimeControl "900+10"]

1. e4 e6 2. d4 d5 3. Nc3 Nf6 4. Bg5 Be7 5. e5 Nfd7 6. h4 c5 7. Bxe7 Qxe7 8.
Nb5 O-O 9. Nc7 Nb6 10. Nxa8 Nxa8 11. f4 cxd4 12. Qxd4 Nc6 13. Qd2 Nb6 14. Nf3 f6 15. Bd3 Qc7 16. O-O-O fxe5 17. fxe5 Nxe5 18. Nxe5 Qxe5 19. Rhf1 Rf6 20. Rde1 Qh5 21. Rxf6 gxf6 22. Qf4 Qf7 23. Qb8 e5 24. Bf5 Qf8 25. Bxc8 Qxc8 26. Qd6 Qf8 27. Qc7 Qc8 28. Qe7 Qf8 29. Qxb7 Qh6+ 30. Kb1 Qxh4 31. Qb8+ Kg7 32. Qxa7+ Kg6 33. g3 Qb4 34. Rh1 h6 35. Qb8 Qb5 36. a4 Qa6 37. Qg8+ Kf5 38. Rh5+ Ke4 39. Qg6+ Kd4 40. Rh4+ Kc5 41. b4+ Kd6 42. Qxf6+ Kc7 43. Qxe5+
Kb7 44. Qe7+ Ka8 45. Rf4 1-0

[Event "16th EWICC 2015"]
[Site "Kutaisi"]
[Date "2015.06.01"]
[Round "2"]
[White "Giorgadze, Elene"]
[Black "Choladze, Mariam"]
[Result "0-1"]
[ECO "B43"]
[WhiteElo "1185"]
[BlackElo "1989"]
[Annotator "Robot 11"]
[PlyCount "40"]
[EventDate "2015.??.??"]
[EventCountry "GEO"]
[TimeControl "900+10"]

1. e4 c5 2. Nf3 e6 3. d4 cxd4 4. Nxd4 a6 5. Nc3 Qc7 6. a3 Nf6 7. Be3 d6 8.
Qd2 b5 9. f3 Bb7 10. O-O-O Nbd7 11. g4 Ne5 12. g5 Nfd7 13. f4 Nc4 14. Bxc4 bxc4 15. Rde1 Be7 16. Bf2 Rb8 17. Nf3 O-O 18. h4 Bc6 19. Nd1 d5 20. Bd4 dxe4 0-1

[Event "16th EWICC 2015"]
[Site "Kutaisi"]
[Date "2015.06.01"]
[Round "2"]
[White "Jalaghonia, Nino"]
[Black "Melashvili, Nino"]
[Result "0-1"]
[ECO "B01"]
[WhiteElo "1865"]
[BlackElo "2173"]
[Annotator "Robot 11"]
[PlyCount "210"]
[EventDate "2015.??.??"]
[EventCountry "GEO"]
[TimeControl "900+10"]

1. e4 d5 2. exd5 Nf6 3. Nc3 Nxd5 4. Bc4 Nxc3 5. Qf3 e6 6. Qxc3 Nc6 7. Nf3 Qd6 8. d4 Qb4 9. Bd2 Be7 10. a3 Qxc3 11. Bxc3 Bf6 12. O-O-O O-O 13. Ne5 Nxe5 14. dxe5 Be7 15. h4 a6 16. g4 b5 17. Be2 Bb7 18. f3 Bd5 19. g5 c5 20. Rhg1 b4 21. axb4 cxb4 22. Bd4 a5 23. b3 a4 24. bxa4 Rxa4 25. Kd2 b3 26. c3 Ra2+ 27.
Ke3 Rfa8 28. Rb1 Rb8 29. Rgd1 b2 30. Bd3 g6 31. c4 Bc6 32. Rd2 Ba3 33. Bc2 Bb4 34. Rd3 Ba3 35. Bb3 Ra1 36. Rxa1 bxa1=Q 37. Bxa1 Bc5+ 38. Ke2 Ra8 39. Bb2 Ba3 40. Bc3 Rb8 41. Ba5 Kg7 42. Bd8 Bc5 43. Bf6+ Kf8 44. Rd8+ Rxd8 45. Bxd8 Ke8 46. Ba5 Bg1 47. f4 Bh2 48. Ke3 Bg3 49.
Bc2 Bxh4 50. Bd2 Bg3 51. Kd4 Kd7 52. Be3 Be1 53. Kc5 Ba5 54. Kd4 Bb4 55. c5 Bb5 56. Bd3 Bxd3 57. Kxd3 Kc6 58. Kc4 Ba3 59. Kd3 Kd5 60. c6 Kxc6 61. Ke4 Bb2 62. Bd2 Kc5 63. Be3+ Kc4 64. Bd2 Ba3 65. Be1 Bf8 66. Bd2 h5 67. gxh6 Bxh6 68. Be1 Bf8 69. Bh4 Kc3 70. Be1+ Kc2 71. Ba5 Kd1 72. Bc3 Ke2 73. Bd4 Bb4 74. Bb6 Be1 75. Bc5 Bf2 76. Bb4 Bb6 77. Bf8 Kf2 78. Be7 Kg3 79. Bg5 Kg4 80. Bh6 Bf2 81. Bg5 Bg3 82. Bh6 Bh4 83. Bf8 Bg3 84. Bh6 Bh2 85.
Bg5 Bg1 86. Bh6 Bc5 87. Bg5 Bf8 88. Ke3 Kf5 89. Bh4 Bh6 90. Bg3 g5 91. fxg5 Bxg5+ 92. Kf3 Bd2 93. Bh4 Kxe5 94. Bg3+ Kf5 95. Bf2 Bf4 96. Bc5 e5 97. Bb6 e4+ 98. Kf2 Kg4 99. Bd4 f5 100. Bc5 Bg5 101. Bd6 f4 102. Bc5 Bh4+ 103. Ke2 Kg3 104. Bf2+ Kh3 105. Bd4 Kg2 0-1

[Event "16th EWICC 2015"]
[Site "Kutaisi"]
[Date "2015.06.01"]
[Round "2"]
[White "Mammadzada, Gunay"]
[Black "Esadze, Tamar"]
[Result "1-0"]
[ECO "B44"]
[WhiteElo "2336"]
[BlackElo "1697"]
[Annotator "Robot 11"]
[PlyCount "77"]
[EventDate "2015.??.??"]
[EventCountry "GEO"]
[TimeControl "900+10"]

1. e4 c5 2. Nf3 Nc6 3. d4 cxd4 4. Nxd4 e6 5. Nb5 d6 6. Bf4 e5 7. Be3 Nf6 8.
Bg5 a6 9. Bxf6 gxf6 10. N5c3 Be6 11. Nd2 b5 12. a4 b4 13. Nd5 f5 14. Bc4 f4 15. g3 Rg8 16. Qf3 Nd4 17. Qd3 Bg4 18. f3 Bh3 19. Nxb4 fxg3 20. O-O-O g2 21. Rhg1 Qa5 22. Nd5 Be7 23. c3 Ne6 24. f4 Bg4 25.
Rxg2 Qxa4 26. Rdg1 Nc5 27. Qc2 Qd7 28. Nb6 Qb7 29. Nxa8 Qxa8 30. Rxg4 Rxg4 31. Rxg4 Kd7 32. b4 Ne6 33. Qa4+ Kc7 34. Bd5 Qa7 35.
Qc6+ Kd8 36. Bxe6 fxe6 37. Rg8+ Bf8 38. Rxf8+ Ke7 39. Qe8# 1-0

[Event "16th EWICC 2015"]
[Site "Kutaisi"]
[Date "2015.06.01"]
[Round "2"]
[White "Nikoladze, Sopio"]
[Black "Kostava, Elene"]
[Result "1-0"]
[ECO "D04"]
[WhiteElo "2155"]
[BlackElo "1691"]
[Annotator "Robot 11"]
[PlyCount "99"]
[EventDate "2015.??.??"]
[EventCountry "GEO"]
[TimeControl "900+10"]

1. d4 d5 2. Nf3 Nf6 3. e3 Bg4 4. c4 e6 5. Qb3 Qc8 6. Ne5 Bf5 7. f3 c6 8. g4 Bxb1 9. Rxb1 Bd6 10. g5 Nfd7 11. f4 dxc4 12. Nxc4 Bc7 13. Bg2 Nb6 14. O-O h6 15.
g6 f6 16. Nxb6 Bxb6 17. Bh3 Ke7 18. f5 Rd8 19. fxe6 Rd5 20. Bf5 Na6 21. Bd2 Qc7 22. Rbc1 Qd6 23. Be1 Rb5 24. Qc2 Rd8 25. Bg3 Qd5 26. Rcd1 Qxa2 27. Rf2 Nb4 28. Qc1 Rdd5 29. Bg4 Rg5 30. Be2 Ra5 31. Bc4 Qa4 32. b3 Qa3 33. Qb1 Nd5 34. Qd3 Qb4 35. Kh1 Nc3 36. Rdf1 Nd5 37. Bh4 Rh5 38. Bg3 Bd8 39. e4 Nb6 40. e5 Ke8 41. exf6 Bxf6 42. Rxf6 gxf6 43. g7 Rag5 44. Qh7 Rxg3 45. g8=Q+ Rxg8 46. Qxg8+ Ke7 47. Qf7+ Kd8 48. Qxh5 Nxc4 49. bxc4 Qxc4 50. Qf5 1-0

[Event "16th EWICC 2015"]
[Site "Kutaisi"]
[Date "2015.06.01"]
[Round "2"]
[White "Schleining, Zoya"]
[Black "Paehtz, Elisabeth"]
[Result "0-1"]
[ECO "A04"]
[WhiteElo "2375"]
[BlackElo "2473"]
[Annotator "Robot 11"]
[PlyCount "56"]
[EventDate "2015.??.??"]
[EventCountry "GEO"]
[TimeControl "900+10"]

1. Nf3 d6 2. d4 g6 3. e4 Bg7 4. Be3 a6 5. c4 Nc6 6. Nc3 Bg4 7. d5 Ne5 8. Be2 Bxf3 9. gxf3 c5 10. f4 Nd7 11. Qd2 Ngf6 12. h4 h5 13. O-O-O b5 14. cxb5 axb5 15. Bxb5 Ng4 16. Kb1 O-O 17. Rc1 Ra7 18. Rc2 Qa5 19. Bxd7 Rxd7 20. Qd3 Rb8 21. Ka1 Rb4 22. Rb1 Ra7 23. Bc1 c4 24. Qg3 Ra4 25.
a3 Rb4 26. Bd2 Rb3 27. Rd1 Rxa3+ 28. bxa3 Qxa3+ 0-1

[Event "16th EWICC 2015"]
[Site "Kutaisi"]
[Date "2015.06.01"]
[Round "2"]
[White "Khomeriki, Ketevan"]
[Black "Vakhania, Alexandra"]
[Result "0-1"]
[ECO "B10"]
[WhiteElo "1861"]
[BlackElo "2130"]
[Annotator "Robot 11"]
[PlyCount "74"]
[EventDate "2015.??.??"]
[EventCountry "GEO"]
[TimeControl "900+10"]

1. e4 c6 2. d3 d5 3. Qe2 dxe4 4. dxe4 e5 5. g3 Qc7 6. Bg2 Be6 7. f4 f6 8.
fxe5 fxe5 9. Nf3 Nf6 10. O-O Bc5+ 11. Kh1 Nbd7 12. Nbd2 O-O-O 13.
c3 h5 14. b4 Bb6 15. a4 a6 16. b5 cxb5 17. axb5 a5 18. Ng5 Bg8 19. Bh3 Kb8 20. Be6 Nc5 21. Bxg8 Rdxg8 22. Nc4 h4 23. Nxe5 hxg3 24. Bf4 Ka8 25. Bxg3 Nh5 26. Qg4 Nxg3+ 27. Qxg3 Re8 28. Ngf7 Rh5 29. Rf5 Nxe4 30. Qg6 Ng3+ 31. Kg2 Rxf5 32. hxg3 Qxc3 33. Nd6 Rf2+ 34. Kh3 Rh8+ 35. Kg4 Qxa1 36. Qxg7 Qd1+ 37. Kg5 Qh5# 0-1

[Event "16th EWICC 2015"]
[Site "Kutaisi"]
[Date "2015.06.01"]
[Round "2"]
[White "Zhukova, Natalia"]
[Black "Ibrahimova, Sabina"]
[Result "0-1"]
[ECO "E77"]
[WhiteElo "2456"]
[BlackElo "2272"]
[Annotator "Robot 11"]
[PlyCount "150"]
[EventDate "2015.??.??"]
[EventCountry "GEO"]
[TimeControl "900+10"]

1. d4 Nf6 2. c4 g6 3. Nc3 Bg7 4. e4 d6 5. f4 O-O 6. Nf3 c5 7. d5 e6 8. dxe6 Bxe6 9. Bd3 a6 10. O-O b5 11. cxb5 Qb6 12. Na4 Qb7 13. e5 dxe5 14. fxe5 Nfd7 15. bxa6 Nxa6 16. Nc3 Qc7 17. Be4 Rab8 18. Qd6 Qa7 19. Nd5 Bxd5 20. Bxd5 c4+ 21. Kh1 Ndc5 22. Bxc4 Rbd8 23. Qc6 Nb4 24. Qb5 Rb8 25. Bxf7+ Rxf7 26. Qc4 Qa6 27. Qxa6 Nbxa6 28. Be3 Ne6 29. b3 Nb4 30. Bd2 Nd3 31. Ba5 Rb5 32. Bc3 Rc5 33. Bd2 Nxe5 34. Rae1 Nxf3 35. gxf3 Rc6 36. b4 Nd4 37. Re8+ Rf8 38. Rxf8+ Kxf8 39. a4 Rc2 40. Bf4 Ra2 41. a5 Ke7 42. h4 Kd7 43. h5 Ke6 44. hxg6 hxg6 45. Be3 Nf5 46. Bf2 Kd5 47. Kg1 Bf8 48. Rb1 Ra4 49. b5 Rxa5 50. b6 Ra8 51. b7 Rb8 52. Kg2 Nd6 53. Kh3 Rxb7 54. Rxb7 Nxb7 55. Kg4 Ke6 56. Kg5 Kf7 57. f4 Nd6 58. Bd4 Ne4+ 59. Kg4 Ke6 60. Bb2 Bh6 61. Be5 Nf2+ 62. Kf3 Nd3 63. Bc7 Kf5 64. Bd8 Nxf4 65. Kg3 Bg5 66. Bc7 Nd5 67. Ba5 Bf4+ 68. Kf3 g5 69. Be1 g4+ 70. Ke2 Ke4 71. Bh4 Nc3+ 72. Kf2 Nd1+ 73. Ke2 Ne3 74. Bf2 Nf5 75.
Be1 Bg5 0-1

[Event "16th EWICC 2015"]
[Site "Kutaisi"]
[Date "2015.06.01"]
[Round "3"]
[White "Arabidze, Meri"]
[Black "Daulyte, Deimante"]
[Result "0-1"]
[ECO "D38"]
[WhiteElo "2403"]
[BlackElo "2402"]
[Annotator "Robot 11"]
[PlyCount "68"]
[EventDate "2015.??.??"]
[EventCountry "GEO"]
[TimeControl "900+10"]

1. d4 Nf6 2. c4 e6 3. Nf3 d5 4. Nc3 Bb4 5. Bg5 h6 6. Bxf6 Qxf6 7. Qa4+ Nc6 8.
e3 O-O 9. Be2 Bd7 10. Qc2 dxc4 11. O-O Na5 12. Ne5 Qe7 13. Nxc4 Nxc4 14. Bxc4 Rfd8 15. Bd3 c5 16. a3 Bxc3 17. bxc3 cxd4 18. cxd4 Rac8 19. Qb2 Bc6 20. f4 b6 21. a4 Qb7 22. Qe2 Qa8 23. a5 b5 24. a6 Be4 25.
Rfc1 b4 26. Bc4 Rc7 27. Bb3 Rdc8 28. Rxc7 Rxc7 29. Re1 Rc3 30.
Qb2 Qc6 31. Bd1 Qc4 32. Re2 Rc1 33. Re1 Qc3 34. Qe2 b3 0-1

[Event "16th EWICC 2015"]
[Site "Kutaisi"]
[Date "2015.06.01"]
[Round "3"]
[White "Arakhamia-Grant, Ketevan"]
[Black "Dordzhieva, Dinara"]
[Result "1-0"]
[ECO "B51"]
[WhiteElo "2393"]
[BlackElo "2242"]
[Annotator "Robot 11"]
[PlyCount "91"]
[EventDate "2015.??.??"]
[EventCountry "GEO"]
[TimeControl "900+10"]

1. e4 c5 2. Nf3 d6 3. Bb5+ Nc6 4. O-O Bd7 5. c3 Nf6 6. Re1 a6 7. Ba4 b5 8.
Bc2 Bg4 9. d3 e6 10. Nbd2 Be7 11. h3 Bh5 12. Nf1 h6 13. Ng3 Bg6 14. d4 cxd4 15. cxd4 Rc8 16. Bb1 Nh5 17. a4 Nxg3 18. fxg3 b4 19. Bd3 Qb6 20. Be3 Qb7 21. d5 Nd8 22. Qe2 Ra8 23. Rac1 O-O 24. Red1 Bf6 25. Qf2 Re8 26. Bd4 Bxd4 27. Qxd4 e5 28. Qf2 Qd7 29. b3 Nb7 30.
Nh4 Nc5 31. Rc4 Nxb3 32. Rxb4 Nc5 33. Bc2 Rab8 34. Qd2 Qa7 35.
Kh2 a5 36. Rc4 Rb2 37. Qc3 Reb8 38. Rf1 R2b4 39. Rxb4 axb4 40. Qf3 b3 41. Bb1 Qxa4 42. Nxg6 fxg6 43. Qf7+ Kh7 44. Qc7 Qb5 45. Rf7 Rb7
46. Rxg7+ 1-0

[Event "16th EWICC 2015"]
[Site "Kutaisi"]
[Date "2015.06.01"]
[Round "3"]
[White "Batsiashvili, Nino"]
[Black "Mammadzada, Gunay"]
[Result "1-0"]
[ECO "D01"]
[WhiteElo "2473"]
[BlackElo "2336"]
[Annotator "Robot 11"]
[PlyCount "87"]
[EventDate "2015.??.??"]
[EventCountry "GEO"]
[TimeControl "900+10"]

1. d4 d5 2. Nc3 Nf6 3. Bg5 Bf5 4. e3 e6 5. Bd3 Bxd3 6. cxd3 c6 7. f4 Nbd7 8. Nf3 Be7 9. O-O h6 10. Bh4 O-O 11. Ne5 Ne8 12. Bxe7 Qxe7 13. Rf3 Nxe5 14. fxe5 f6 15. Ne2 fxe5 16. Rxf8+ Qxf8 17. dxe5 Nc7 18. d4 Qf5 19. Ng3 Qg5 20. Qb3 Rf8 21. Rf1 Rxf1+ 22. Nxf1 b6 23. Qa4 Nb5 24. Qa6 Qd8 25. a4 Nc7 26. Qxa7 Ne8 27. Qb7 Qc7 28. Qxc7 Nxc7 29. Kf2 Na6 30. Ke2 Kf7 31. Kd3 Ke7 32. Kc3 Kd7 33. Ng3 Ke7 34. e4 Nc7
35. b4 g6 36. Kb3 h5 37. exd5 cxd5 38. h4 Na6 39. Ne2 Kf7 40. Nf4 Nc7 41. b5 Kg7 42. Kb4 Kf7 43. a5 Na8 44. g3 1-0

[Event "16th EWICC 2015"]
[Site "Kutaisi"]
[Date "2015.06.01"]
[Round "3"]
[White "Charkhalashvili, Inga"]
[Black "Gunina, Valentina"]
[Result "1/2-1/2"]
[ECO "D17"]
[WhiteElo "2318"]
[BlackElo "2535"]
[Annotator "Robot 11"]
[PlyCount "110"]
[EventDate "2015.??.??"]
[EventCountry "GEO"]
[TimeControl "900+10"]

1. d4 d5 2. c4 c6 3. Nc3 Nf6 4. Nf3 dxc4 5. a4 Bf5 6. Ne5 Nbd7 7. Nxc4 Nb6 8. e3 e6 9. Qb3 Qc7 10. a5 Nxc4 11. Bxc4 Bd6 12. h3 O-O 13.
O-O Rad8 14. Bd2 e5 15. d5 e4 16. Rfd1 Qe7 17. dxc6 bxc6 18. Ne2 Nh5 19. Nf4 Nxf4 20. exf4 Rb8 21. Qg3 Bb4 22. Bc3 Bxc3 23. Qxc3 Qh4 24. Qe5 g6 25. Ra3 Rbe8 26. Qc7 Re7 27. Qxc6 Qxf4 28. Qf6 e3 29. fxe3 Qe4 30. Bd5 Qc2 31. Rf1 Rd7 32. Rc3 Qe2 33. Rxf5 Qd1+ 34. Kh2 Rxd5 35. Rxd5 Qxd5 36. b4 Rb8 37. Rc7 a6 38. e4 Qb3 39. e5 Re8 40.
Re7 Rxe7 41. Qxe7 h5 42. Qe8+ Kg7 43. Qe7 Qc4 44. Qf6+ Kg8 45.
Qd8+ Kg7 46. Qd2 Qe4 47. Qb2 Qf4+ 48. Kg1 Qe3+ 49. Kh1 Kh6 50.
Kh2 Kg5 51. b5 axb5 52. Qxb5 Qf4+ 53. Kg1 Qe3+ 54. Kh2 Qf4+ 55.
Kg1 Qe3+ 1/2-1/2

[Event "16th EWICC 2015"]
[Site "Kutaisi"]
[Date "2015.06.01"]
[Round "3"]
[White "Charochkina, Daria"]
[Black "Stefanova, Antoaneta"]
[Result "0-1"]
[ECO "C44"]
[WhiteElo "2391"]
[BlackElo "2512"]
[Annotator "Robot 11"]
[PlyCount "84"]
[EventDate "2015.??.??"]
[EventCountry "GEO"]
[TimeControl "900+10"]

1. e4 e5 2. Nf3 Nc6 3. d4 exd4 4. Nxd4 Bb4+ 5. c3 Bc5 6. Be3 Bb6 7. Nf5 g6 8. Bxb6 axb6 9. Ne3 Nf6 10. f3 Qe7 11. Be2 O-O 12. Qd2 d5 13.
exd5 Rd8 14. c4 Qe5 15. Nc3 Nd4 16. O-O-O c5 17. Bd3 Rxa2 18. Qf2 Ra1+ 19. Kd2 Rxd1+ 20. Nexd1 Re8 21. g3 Bf5 22. f4 Qe7 23. Bxf5 gxf5 24. Qe3 Nb3+ 25. Kc2 Nd4+ 26. Kd2 Ne4+ 27. Nxe4 fxe4 28. Nc3 f5 29. g4 fxg4 30. h3 Nf5 31. Qe2 h5 32. Rg1 Qd6 33. hxg4 Qxf4+ 34. Ke1 Ng3 35. Qf2 Qxf2+ 36. Kxf2 h4 37. Ne2 e3+ 38. Ke1 Ne4 39. Rh1 Ng5 40. Kd1 Re4 41. Rxh4 Rxc4 42. Rh3 Nxh3 0-1

[Event "16th EWICC 2015"]
[Site "Kutaisi"]
[Date "2015.06.01"]
[Round "3"]
[White "Choladze, Mariam"]
[Black "Mikadze, Miranda"]
[Result "1-0"]
[ECO "B01"]
[WhiteElo "1989"]
[BlackElo "2233"]
[Annotator "Robot 11"]
[PlyCount "67"]
[EventDate "2015.??.??"]
[EventCountry "GEO"]
[TimeControl "900+10"]

1. e4 d5 2. exd5 Qxd5 3. Nc3 Qd6 4. d4 Nf6 5. Nf3 c6 6. Ne5 Nbd7 7. f4 Nb6 8. g4 g6 9. Bg2 Be6 10. O-O Bg7 11. g5 Nfd7 12. Ne4 Qc7 13.
b3 Rd8 14. Qe2 O-O 15. Bb2 c5 16. dxc5 Nxc5 17. c4 Bf5 18. Ng3 Bd3 19. Nxd3 Nxd3 20. Bxg7 Kxg7 21. Qe3 Nc5 22. f5 Rd3 23. f6+ exf6 24. gxf6+ Kh8 25. Qh6 Ne6 26. Rae1 Rfd8 27. Kh1 Rg8 28. Rxe6 fxe6 29. f7 Nd7 30. fxg8=Q+ Kxg8 31. Be4 Rd6 32. Bxg6 e5 33. Bxh7+ Kh8 34. Bg6+ 1-0

[Event "16th EWICC 2015"]
[Site "Kutaisi"]
[Date "2015.06.01"]
[Round "3"]
[White "Esadze, Tamar"]
[Black "Giorgadze, Elene"]
[Result "1-0"]
[ECO "C72"]
[WhiteElo "1697"]
[BlackElo "1185"]
[Annotator "Robot 11"]
[PlyCount "32"]
[EventDate "2015.??.??"]
[EventCountry "GEO"]
[TimeControl "900+10"]

1. e4 e5 2. Nf3 Nc6 3. Bb5 a6 4. Ba4 d6 5. O-O Bg4 6. c3 b5 7.
Bc2 Qf6 8. a4 Na7 9. axb5 Nxb5 10. Bd3 c6 11. h3 h5 12. Qe2 Nc7 13. Qe3 Be7 14. Nh2 Qh4 15. Qb6 Kd7 16. Bxa6 Ke8 1-0